 Dungeon Crawl Stone Soup version 0.26-a0-639-g72c4674329 (webtiles) character file.

Game seed: 16550485885576816205

93 DogServant the Digger (level 4, -3/36 HPs)
             Began as a Gargoyle Earth Elementalist on Sept 15, 2020.
             Slain by Grinder (5 damage)
             ... on level 3 of the Dungeon.
             The game lasted 00:06:53 (2547 turns).

DogServant the Digger (Gargoyle Earth Elementalist) Turns: 2547, Time: 00:06:54

Health: -3/36      AC: 22    Str: 12    XL:     4   Next: 62%
Magic:  5/9        EV:  2    Int: 16    God:
Gold:   145        SH:  0    Dex: 10    Spells: 8/9 levels left

rFire    . . .     SeeInvis .   m - +0 whip
rCold    . . .     Faith    .   (no shield)
rNeg     + + +     Spirit   .   (armour currently unavailable)
rPois    ∞         Reflect  .   (helmet currently unavailable)
rElec    .         Harm     .   (cloak currently unavailable)
rCorr    .         Rampage  .   (gloves currently unavailable)
MR       .....     NoTele   +   (boots currently unavailable)
Stlth    ++........             (no amulet)
HPRegen  0.12/turn              (no ring)
MPRegen  0.11/turn              (no ring)

@: mighty, tree-form, hasted, invisible, very quick
A: negative energy resistance 1, petrification resistance, rot immunity, AC +3
a: no special abilities


You were on level 3 of the Dungeon.
You were a tree.
You visited 1 branch of the dungeon, and saw 3 of its levels.

You collected 145 gold pieces.

Inventory:

Hand Weapons
 f - a +0 short sword
 m - a +0 whip (weapon)
Missiles
 b - 5 stones (quivered)
Armour
 c - a +0 robe (melded)
 g - a +2 buckler
 r - a scarf of invisibility (melded)
 s - a +2 pair of gloves (melded)
Scrolls
 a - a scroll of remove curse
 i - a scroll of fog {unknown}
 j - a scroll of amnesia {unknown}
 n - a scroll of enchant weapon {unknown}
 o - 2 scrolls of teleportation {unknown}
 p - a scroll of noise {unknown}
 t - a scroll of magic mapping {unknown}
 u - a scroll of fear {unknown}
Potions
 e - a potion of might
 h - a potion of lignification
 l - 2 potions of curing {unknown}
 q - 2 potions of heal wounds {unknown}


   Skills:
 - Level 1.5 Dodging
 - Level 2.1 Stealth
 + Level 3.3 Spellcasting
   Level 0.7 Transmutations
 + Level 5.2 Earth Magic


You had 8 spell levels left.
You knew the following spells:

 Your Spells              Type           Power        Failure   Level
a - Sandblast             Erth           ###...       2%          1

Your spell library contained the following spells:

 Spells                   Type           Power        Failure   Level
 Passwall                 Tmut/Erth      ##......     9%          2
 Stone Arrow              Conj/Erth      ##....       19%         3
 Petrify                  Tmut/Erth      ##......     47%         4
 Lee's Rapid Deconstruct  Erth           ###.......   52%         5


Dungeon Overview and Level Annotations

Branches:
Dungeon (3/15)

Altars:
Hepliaklqana
Sif Muna
Wu Jian

Annotations:
D:3 Grinder


Innate Abilities, Weirdness & Mutations

You are resistant to torment.
((Your stone body is resilient. (AC +3)))
You are immune to poison.
You resist negative energy. (rN+)
((You are resistant to electric shocks. (rElec)))
((You can survive without breathing.))
You are immune to petrification.
You are immune to rotting.


Message History

Aim: Grinder (lightly wounded)
The blast of sand hits Grinder!
Grinder is moderately wounded.
b - 5 stones Grinder hits you.
* * * LOW HITPOINT WARNING * * *
It was a potion of haste.
You feel yourself speed up. Grinder completely misses you.
It was a potion of might.
You feel very mighty all of a sudden.
It was a potion of lignification.
You turn into a tree.
Your scarf of invisibility melds into your body.
Your +2 pair of gloves melds into your body.
Your +0 robe melds into your body.
Your roots penetrate the ground.
Grinder gestures at you. You resist with significant effort.
It was a potion of invisibility.
You fade into invisibility!
Grinder hits you.
You die...

#.# #.. ## ### #.# #.#
.). ..# #.# #.## #.#
#.# #.# #... #.# #.#
#.# #... #.##.#####
#.#####...
####.......###.........
#...............##...##
#.##.#♣###.........#.##
#. #5# #..###.####.##
.. .g# #...........#.
.. ......#.###.######.
. .....#.#.# #.# ##
......#.#.# #.# #
###.##.#.#.# #.# # #.
.. ..# ≈ #### ≈


You could see Grinder and a hobgoblin.

Vanquished Creatures
  3 gnolls (D:2)
  2 worms
  2 dart slugs (D:1)
  A leopard gecko (D:3)
  4 giant cockroaches
  3 goblins (D:1)
  5 hobgoblins
  2 jackals (D:3)
  2 quokkas
  A ball python (D:3)
  9 bats
  6 frilled lizards
  8 kobolds
  8 rats
56 creatures vanquished.

Notes
Turn   | Place    | Note
-------+----------+-------------------------------------------
     0 | D:1      | DogServant the Gargoyle Earth Elementalist began the quest
                  | for the Orb.
     0 | D:1      | Reached XP level 1. HP: 10/10 MP: 3/3
   339 | D:1      | Reached skill level 4 in Earth Magic
   339 | D:1      | Reached XP level 2. HP: 15/15 MP: 3/5
   770 | D:1      | Reached XP level 3. HP: 19/19 MP: 6/6
  1328 | D:2      | Found a shimmering blue altar of Sif Muna.
  1475 | D:2      | Found an ornate altar of the Wu Jian Council.
  1662 | D:2      | Found a hazy altar of Hepliaklqana.
  1685 | D:2      | Reached XP level 4. HP: 24/24 MP: 1/8
  1686 | D:2      | Reached skill level 5 in Earth Magic
  2531 | D:3      | Noticed Grinder
  2543 | D:3      | HP: 1/24 [Grinder (2)]
  2547 | D:3      | Slain by Grinder

Illustrated notes

Levels and vault maps discovered:
D:1:      scummos_arrival_checkerplants, layout_basic, minmay_pentomino_u4
D:2:      layout_basic, nicolae_overflow_hidden_temple, lemuel_round_altar,
          nrook_mini_vaults, led_sif_pool
D:3:      wad_river_or_something, layout_loops_ring, overflow_temple_1_default,
          uniq_grinder

Skill      XL: |  1  2  3  4 |
---------------+-------------+-----
Earth Magic    | 4 5 |  5.2
Spellcasting   | 3 |  3.3
Dodging        | |  1.5
Stealth        | |  2.1
Transmutations | |  0.7

Action                   |  1- 3 |  4- 6 || total
-------------------------+-------+-------++-------
Melee: Unarmed           |    30 |       ||    30
       Short sword       |     2 |       ||     2
       Whip              |    86 |    88 ||   174
 Cast: Sandblast         |    21 |     9 ||    30
  Use: Scroll            |     4 |       ||     4
       Potion            |       |     4 ||     4
 Stab: Sleeping          |     2 |     4 ||     6
Armor: Robe              |    62 |    43 ||   105
Dodge: Dodged            |    84 |    98 ||   182

Table legend: (Time is in decaauts)
 A = Elapsed time spent in this place.
 B = Non-inter-level travel time spent in this place.
 C = Inter-level travel time spent in this place.
 D = Time resting spent in this place.
 E = Time spent auto-exploring this place.
 F = Levels seen in this place.
 G = Mean time per level.
                   A        B        C        D        E       F      G
               +--------+--------+--------+--------+--------+-----+--------+
         Total |   2569 |   2484 |     85 |      0 |   1882 |   3 |  856.3 |
       Dungeon |   2569 |   2484 |     85 |      0 |   1882 |   3 |  856.3 |
               +--------+--------+--------+--------+--------+-----+--------+

Top non-repeatable levels by time:
     D:1: 1231 daAuts
     D:2: 951 daAuts
     D:3: 387 daAuts
